 Dungeon Crawl Stone Soup version 0.31-a0-1469-gd420192249 (webtiles) character file.

Game seed: 1591126611786487217

1727546 freelancePsychic the Cryomancer (level 26, 222/222 HPs)
             Began as a Demonspawn Alchemist on Dec 28, 2023.
             Was the Champion of Vehumet.
             Escaped with the Orb
             ... and 3 runes!
             The game lasted 02:05:34 (64063 turns).

freelancePsychic the Cryomancer (DsAl)             Turns: 64063, Time: 02:05:35

Health: 222/222    AC: 26    Str:  9    XL:     26   Next: 17%
Magic:  60/60      EV: 20    Int: 30    God:    Vehumet [******]
Gold:   5494       SH: 13    Dex: 15    Spells: 29/64 levels left

rFire   + + +        c - staff of cold
rCold   + + .        h - +3 buckler
rNeg    + . .        p - +5 moon troll leather armour {Spirit, Regen++ MP+5}
rPois   .            K - +2 hood of the Assassin {Detect Stab+ Stlth++}
rElec   +            (cloak unavailable)
rCorr   +            q - +2 pair of gloves "Xiesyt" {MP+9 Int+3}
SInv    .            X - +0 pair of boots of the Treeataur {rF++ rN+ Regen+}
Will    +....        T - amulet "Kithef" {Acrobat rCorr Int+3}
Stlth   ++           i - ring of the Mage {Wiz Archmagi}
HPRegen 2.97/turn    Y - ring of Darkness {rElec rF+ rC+ Str-2 Slay+3}
MPRegen 0.37/turn

%: acrobat, guardian spirit, wizardry (x1), archmagi
@: studying 2 skills
A: icemail 2, spiny 3, black mark, sharp scales 3, condensation shield,
bedeviling, weakness stinger 3, screaming 1, inability to read after injury 2
0: Orb of Zot
}: 3/15 runes: serpentine, barnacled, abyssal
a: Renounce Religion


You escaped.
You worshipped Vehumet.
Vehumet was exalted by your worship.
You visited 10 branches of the dungeon, and saw 47 of its levels.
You visited the Abyss 3 times.
You visited 1 bazaar.
You also visited: Ossuary, Gauntlet, Ice Cave, Volcano, Wizlab and Desolation.

You collected 7832 gold pieces.
You spent 2338 gold pieces at shops.

Inventory:

Missiles
 n - 7 throwing nets
Armour
 h - a +3 buckler (worn)
 p - the +5 moon troll leather armour (worn) {Spirit, Regen++ MP+5}
   (You took it off a moon troll in a wizard's laboratory)

   MP+5:      It affects your magic capacity (+5).
   Regen++:   It increases your rate of health regeneration.
 q - the +2 pair of gloves "Xiesyt" (worn) {MP+9 Int+3}
   (You found it in a Gauntlet)

   Int+3:     It affects your intelligence (+3).
   MP+9:      It affects your magic capacity (+9).
 t - the +18 shield of the Gong {Loud rN+ Will+ rCorr EV-5}
   (You acquired it in a bazaar)

   Loud:      It is deafeningly noisy when blocking attacks.
   EV-5:      It affects your evasion (-5).
   rN+:       It protects you from negative energy.
   Will+:     It increases your willpower.
   rCorr:     It protects you from acid and corrosion.
 K - the +2 hood of the Assassin (worn) {Detect Stab+ Stlth++}
   (You found it on level 6 of the Dungeon)

   Detect:    It allows the wearer to sense nearby creatures.
   Stab+:     It allows the wearer to make particularly effective stabbing
   attacks against helpless or unaware enemies with any weapon.
   Stlth++:   It makes you much more stealthy.
 X - the +0 pair of boots of the Treeataur (worn) {rF++ rN+ Regen+}
   (You bought it in a shop on level 2 of the Snake Pit)

   rF++:      It greatly protects you from fire.
   rN+:       It protects you from negative energy.
   Regen+:    It increases your rate of health regeneration.
Magical Staves
 c - a staff of cold (weapon)
Jewellery
 i - the ring of the Mage (left hand) {Wiz Archmagi}
   (You found it in a Gauntlet)

   [ring of wizardry]

   Wiz:       It improves your spell success rate.
   Archmagi:  It increases the power of your magical spells.
 D - the ring "Ranass" {rC+++ rN+ rCorr Slay-4 SInv}
   (You found it on level 3 of the Realm of Zot)

   [ring of see invisible]

   Slay-4:    It affects your accuracy & damage with ranged weapons and melee
   (-4).
   rC+++:     It renders you almost immune to cold.
   rN+:       It protects you from negative energy.
   SInv:      It lets you see invisible.
   rCorr:     It protects you from acid and corrosion.
 Q - the ring "Burphet" {rElec rF- rC+ rN+ Slay+4}
   (You took it off an imperial myrmidon in the Desolation of Salt)

   [ring of slaying]

   Slay+4:    It affects your accuracy & damage with ranged weapons and melee
   (+4).
   rF-:       It makes you vulnerable to fire.
   rC+:       It protects you from cold.
   rElec:     It insulates you from electricity.
   rN+:       It protects you from negative energy.
 T - the amulet "Kithef" (around neck) {Acrobat rCorr Int+3}
   (You found it in the Desolation of Salt)

   [amulet of the acrobat]

   Acrobat:   It increases your evasion while moving and waiting.
   Int+3:     It affects your intelligence (+3).
   rCorr:     It protects you from acid and corrosion.
 Y - the ring of Darkness (right hand) {rElec rF+ rC+ Str-2 Slay+3}
   (You acquired it on level 4 of the Depths)

   [ring of protection from cold]

   Str-2:     It affects your strength (-2).
   Slay+3:    It affects your accuracy & damage with ranged weapons and melee
   (+3).
   rF+:       It protects you from fire.
   rC+:       It protects you from cold.
   rElec:     It insulates you from electricity.
Wands
 G - a wand of polymorph (24)
 J - a wand of charming (66)
 L - a wand of roots (47)
 O - a wand of light (35)
 S - a wand of flame (139)
 V - a wand of digging (10)
Scrolls
 a - 3 scrolls of revelation
 d - 7 scrolls of vulnerability
 g - 10 scrolls of enchant weapon
 o - 26 scrolls of identify {@r1}
 s - 10 scrolls of blinking
 v - 5 scrolls of amnesia
 x - a scroll of silence
 y - 4 scrolls of brand weapon
 C - 7 scrolls of torment
 E - 19 scrolls of teleportation {@r4}
 F - 4 scrolls of summoning
 M - 3 scrolls of immolation
 N - 3 scrolls of fear
 P - 10 scrolls of fog
 R - 4 scrolls of enchant armour
 Z - 5 scrolls of poison
Potions
 b - 3 potions of magic
 e - 6 potions of attraction
 f - 12 potions of heal wounds {@q2}
 j - 13 potions of curing {@q1}
 k - 6 potions of lignification
 l - 4 potions of ambrosia
 m - 10 potions of haste {@q3}
 r - 6 potions of invisibility
 w - 8 potions of enlightenment
 z - 11 potions of might
 B - 5 potions of resistance
 H - 8 potions of brilliance
 W - 7 potions of mutation
Miscellaneous
 u - a phantom mirror
 A - a sack of spiders
 I - a tin of tremorstones (2/2)
 U - a lightning rod (4/4)


   Skills:
 + Level 21.2 Fighting
 - Level 4.0 Short Blades
 - Level 12.0 Staves
 - Level 7.7 Armour
 - Level 18.3 Dodging
 - Level 5.9 Stealth
 - Level 7.5 Shields
 * Level 19.7 Spellcasting
 - Level 5.9 Conjurations
 - Level 7.0 Fire Magic
 - Level 21.9 Ice Magic
 - Level 1.3 Air Magic
 - Level 12.0 Alchemy
 - Level 8.0 Evocations


You had 29 spell levels left.
You knew the following spells:

 Your Spells              Type           Power      Damage    Failure   Level
a - Eringya's Noxious Bo  Alch           50%        4d6       1%          6
b - Polar Vortex          Ice            76%        12d10*    3%          9
c - Ignite Poison         Fire/Alch      92%        N/A       1%          4
d - Olgreb's Toxic Radia  Alch           100%       N/A       1%          4
e - Ozocubu's Refrigerat  Ice            76%        4d24      1%          7
h - Irradiate             Conj/Alch      45%        3d26      1%          5

Your spell library contained the following spells:

 Spells                   Type           Power      Damage    Failure   Level
 Chain Lightning          Conj/Air       33%        3d44      99%         9
 Shatter                  Erth           22%        3d19*     99%         9
 Freeze                   Ice            100%       1d10      0%          1
 Hailstorm                Conj/Ice       100%       3d16      0%          3
 Ozocubu's Armour         Ice            100%       N/A       0%          3
 Foxfire                  Conj/Fire      100%       2x1d9     1%          1
 Kiss of Death            Conj/Necr      100%       2d13      1%          1
 Magic Dart               Conj           100%       1d8       1%          1
 Shock                    Conj/Air       100%       1d9       1%          1
 Slow                     Hex            100%       N/A       1%          1
 Sting                    Conj/Alch      100%       1d9       1%          1
 Blink                    Tloc           88%        N/A       1%          2
 Cigotuvi's Dreadful Rot  Necr/Alch/Air  100%       N/A       1%          2
 Ensorcelled Hibernation  Hex/Ice        100%       N/A       1%          2
 Lesser Beckoning         Tloc           88%        N/A       1%          2
 Mercury Vapours          Alch/Air       100%       N/A       1%          2
 Momentum Strike          Conj/Tloc      100%       3d10      1%          2
 Scorch                   Fire           100%       2d9       1%          2
 Searing Ray              Conj           100%       2d8       1%          2
 Sublimation of Blood     Necr           44%        N/A       1%          2
 Inner Flame              Hex/Fire       85%        N/A       1%          3
 Mephitic Cloud           Conj/Alch/Air  80%        N/A       1%          3
 Stone Arrow              Conj/Erth      100%       3d13      1%          3
 Summon Ice Beast         Ice/Summ       100%       N/A       1%          3
 Swiftness                Air            54%        N/A       1%          3
 Volatile Blastmotes      Fire/Tloc      100%       2d18      1%          3
 Airstrike                Air            27%        2d(4-20)  1%          4
 Fulminant Prism          Conj/Alch      45%        3d21      1%          4
 Iskenderun's Mystic Bla  Conj/Tloc      63%        2d13      1%          4
 Leda's Liquefaction      Alch/Erth      39%        N/A       1%          4
 Sticky Flame             Fire/Alch      92%        2d14      1%          4
 Alistair's Intoxication  Alch           66%        N/A       1%          5
 Arcjolt                  Conj/Air       33%        1d43      1%          5
 Fireball                 Conj/Fire      40%        3d16      1%          5
 Freezing Cloud           Conj/Ice/Air   57%        6-21      1%          5
 Iskenderun's Battlesphe  Conj           78%        2d13      1%          5
 Sculpt Simulacrum        Ice/Alch       69%        N/A       1%          6
 Call Canine Familiar     Summ           44%        N/A       2%          3
 Confusing Touch          Hex            61%        N/A       2%          3
 Fugue of the Fallen      Necr           44%        N/A       2%          3
 Gell's Gravitas          Tloc           44%        N/A       2%          3
 Passwall                 Erth           44%        N/A       2%          3
 Sigil of Binding         Hex            61%        N/A       2%          3
 Teleport Other           Tloc           44%        N/A       2%          3
 Tukima's Dance           Hex            61%        N/A       2%          3
 Vampiric Draining        Necr           44%        2d9       2%          3
 Summon Blazeheart Golem  Fire/Summ      66%        N/A       2%          4
 Starburst                Conj/Fire      40%        6d11      3%          6
 Lee's Rapid Deconstruct  Erth           22%        3d12*     7%          5
 Vhi's Electric Charge    Tloc/Air       100%       N/A       8%          4
 Anguish                  Hex/Necr       30%        N/A       10%         4
 Animate Armour           Summ/Erth      88%        N/A       10%         4
 Animate Dead             Necr           44%        N/A       10%         4
 Cause Fear               Hex            30%        N/A       10%         4
 Dimensional Bullseye     Hex/Tloc       30%        N/A       10%         4
 Dispel Undead            Necr           44%        3d17      10%         4
 Manifold Assault         Tloc           44%        N/A       10%         4
 Bombard                  Conj/Erth      31%        9d6       11%         6
 Orb of Destruction       Conj           39%        9d11      17%         7
 Borgnjor's Vile Clutch   Necr/Erth      22%        N/A       26%         5
 Curse of Agony           Necr           44%        N/A       26%         5
 Summon Forest            Summ/Tloc      22%        N/A       26%         5
 Summon Mana Viper        Hex/Summ       61%        N/A       26%         5
 Spellforged Servitor     Conj/Summ      31%        N/A       45%         7
 Ignition                 Fire           41%        3d12      56%         8
 Dispersal                Tloc           22%        N/A       78%         6
 Summon Cactus Giant      Summ           22%        N/A       78%         6
 Lehudib's Crystal Spear  Conj/Erth      31%        10d8      96%         8
 Maxwell's Capacitive Co  Air            27%        ∞         99%         8
 Fire Storm               Conj/Fire      40%        8d10      99%         9
 Monstrous Menagerie      Summ           22%        N/A       100%        7
 Dragon's Call            Summ           22%        N/A       100%        9


Dungeon Overview and Level Annotations

Branches:
Dungeon (15/15)            Temple (1/1) D:7            Lair (5/5) D:9
 Shoals (4/4) Lair:3        Snake (4/4) Lair:2        Slime (0/5) Lair:5
    Orc (2/2) D:11            Elf (3/3) Orc:2        Vaults (4/5) D:13
  Crypt (0/3) Vaults:2     Depths (4/4) D:15            Zot (5/5) Depths:4
Ossuary (visited)           IceCv (visited)         Volcano (visited)
 WizLab (visited)         Desolation (visited)      Gauntlet (visited)

Altars:
Ashenzari
Cheibriados
Dithmenos
Fedhas
Gozag
Hepliaklqana
Kikubaaqudgha
Makhleb
Nemelex Xobeh
Okawaru
Qazlal
Ru
Sif Muna
Trog
Uskayaw
Vehumet
Wu Jian
Xom
Yredelemnul
Jiyva
Lugonu

Shops:
D:4 [(   D:7 [*   Orc:2 :!(:   Elf:2 !   Shoals:1 :[   Shoals:3 (
Snake:2 :*=(**[[   Depths:3 :(

Portals:
Hell: Depths:1 Depths:2 Depths:3 Depths:4
Abyss: Lair:5 Depths:2 Depths:3 Depths:4
Pandemonium: Depths:2 Depths:4
Ziggurat: Depths:1
Trove: Elf:3 (give 20 potions of curing)

Annotations:
D:4 3 runed translucent doors, Sonofthefire's ghost, amateur OpSh
D:7 exclusion: downstairs
D:8 3 runed translucent doors, Curundu's ghost, novice MiBe
Elf:2 3 runed translucent doors
Depths:1 3 runed translucent doors, Piuw's ghost, veteran GnWn
Depths:2 1 runed translucent door, Sundig's ghost, veteran DsFi
Depths:3 6 runed translucent doors
Depths:4 1 runed translucent door, Aryosker's ghost, veteran GnWn
Zot:1 2 transporters
Zot:5 3 runed translucent doors, MrSquiggles's ghost, legendary FoSh


Innate Abilities, Weirdness & Mutations

A meltable icy envelope protects you from harm. (AC +8)
You are completely covered in sharp spines.
Your melee attacks may debilitate your foes.
You are completely covered in razor-sharp scales. (AC +3, Slay +3)
A meltable shield of frost defends you. (SH +4)
Your hexes are more powerful.
You have a sharp stinger which inflicts weakening toxins.
You occasionally shout uncontrollably at your foes.
You sometimes lose the ability to read scrolls when taking damage.


Message History

There is a stone staircase leading down here.
There is a stone staircase leading up here.
You climb upwards.
Level annotation: exclusion: downstairs
There is a stone staircase leading down here.
There is a stone staircase leading up here.
You climb upwards.
There is a stone staircase leading down here.
Magic restored.
There is a stone staircase leading up here.
You climb upwards.
There is a stone staircase leading down here.
There is a stone staircase leading up here.
You climb upwards.
Level annotation: 3 runed translucent doors, Sonofthefire's ghost, amateur OpSh
There is a stone staircase leading down here.
There is a stone staircase leading up here.
You climb upwards.
There is a stone staircase leading down here.
Things that are here:
a +0 leather armour; a +0 mace; an orc skeleton
There is a stone staircase leading up, spattered with blood here.
Things that are here:
a +0 leather armour; a +0 whip; a +0 club You sense a monster nearby.
Unknown command.
Unknown command.
Unknown command.
Unknown command.
Unknown command.
You see here a +0 whip.
There is a stone staircase leading up here.
You climb upwards.
There is a stone staircase leading down here.
What level of the Dungeon? (default 1, ? - help)
There is a stone staircase leading up here.
You climb upwards.
There is a stone staircase leading down here.
There is a staircase leading out of the dungeon here.
You have escaped!

.#.....#....####...........#.###
.........###########.###.....#
#......#.#.................#.#
............######..#####..#.#
.#....#.....######...........#
..........#........#.....#.#.#
..#..#....#.######.#######.#.##
........#.#.#....#.#.......#..#
...##.....#.#.#.@#.#.########.#
..........#.#.####.#.# #.#
..#..#....#[#......#.# #.###
..........#.########.# #†...
.#....#..##..........# #.##.
.........#..#######..########†...
#......#.#..#######...........###
.........#............#####.##..#
#####..#######...###..# #.#....


There were no monsters in sight!

Vanquished Creatures
  2 dread liches (Zot:5)
  4 orbs of fire
  A pandemonium lord (Zot:1)
  Boris (twice) (Depths:4 Zot:3)
  Bai Suzhen (Vaults:3)
  Vv (Depths:4)
  8 Killer Klowns
  5 curse toes
  Margery (Vaults:3)
  6 golden dragons
  A bone dragon (Depths:4)
  2 Tzitzimimeh
  A hellephant (Vaults:3)
  An electric golem (Zot:5)
  2 Brimstone Fiends (Zot:3)
  A walking crystal tome (Depths:2)
  21 tentacled monstrosities
  Jorgrun (D:15)
  A Hell Sentinel (Zot:1)
  29 Orb Guardians
  A titan (Depths:3)
  2 deep elf master archers (Elf:3)
  A shard shrike skeleton (Abyss:4)
  2 deep elf blademasters (Elf:3)
  A moon troll (WizLab)
  3 liches
  4 sphinxes
  11 quicksilver dragons
  An Executioner (Abyss:4)
  An ancient champion (Vaults:2)
  14 death cobs
  13 tentacled starspawn
  5 krakens
  12 shadow dragons
  8 nagarajas
  Donald (Snake:2)
  A tengu reaver (Depths:2)
  7 fire giants
  14 storm dragons
  5 draconian monks
  4 protean progenitors
  9 frost giants
  10 deep elf sorcerers
  8 draconian knights
  3 draconian shifters (Zot:1)
  An imperial myrmidon (Desolation)
  15 vault wardens
  4 deep elf elementalists (Elf:3)
  4 iron dragons (Depths:3)
  2 balrugs
  3 draconian stormcallers
  6 draconian scorchers
  A caustic shrike zombie (Abyss:4)
  7 ghost moths
  19 ironbound preservers
  The ghost of browni3141 the Brawler, a journeyman FoSh of Ru (Lair:5)
  2 draconian annihilators
  2 cacodemons (WizLab)
  2 spriggan defenders (Depths:2)
  15 stone giants
  17 very ugly things
  9 ironbound thunderhulks
  3 formless jellyfish (Vaults:3)
  An orc warlord (Vaults:2)
  A vampire knight (Depths:4)
  A reaper (D:10)
  6 deep elf demonologists
  3 demonspawn black suns (Zot:2)
  6 deep elf death magi
  3 halazid warlocks (Desolation)
  6 deep elf annihilators (Elf:3)
  11 white draconians
  10 green draconians
  15 black draconians
  13 yellow draconians
  A minotaur (Gauntlet)
  8 spark wasps
  2 war gargoyles
  A lorocyproca (Abyss:4)
  7 dire elephants
  8 purple draconians
  Azrael (Snake:1)
  9 red draconians
  2 blizzard demons (IceCv)
  7 ettins
  2 jiangshi (Depths:2)
  A shambling mangrove (Abyss:4)
  A merfolk javelineer (Shoals:4)
  6 ragged hierophants (Desolation)
  3 crystal guardians
  6 merfolk impalers
  6 fire dragons
  Josephine (Snake:1)
  10 yaktaur captains
  3 deep elf high priests
  3 entropy weavers
  13 great orbs of eyes
  9 ice dragons
  7 hydras
  9 peacekeepers
  Erolcha (D:13)
  7 vault guards
  A caustic shrike simulacrum (IceCv)
  2 hell beasts
  7 spriggan air magi
  7 salamander tyrants
  6 servants of whispers (Desolation)
  7 rakshasas
  15 anacondas
  9 ironbound frosthearts
  2 boulder beetles
  3 two-headed ogres (D:13)
  8 centaur warriors
  2 ghost crabs (Abyss:4)
  3 merfolk avatars
  A catoblepas (Lair:4)
  3 ogre magi
  A satyr (Shoals:2)
  4 merfolk aquamancers
  A sphinx skeleton (Depths:2)
  Erica (D:9)
  7 tengu warriors
  A death knight (D:13)
  9 dancing weapons
  7 deep troll shamans
  9 naga warriors
  10 deep troll earth magi
  4 vampire magi
  A hell hog (Gauntlet)
  2 occultists
  7 spriggan berserkers
  8 thrashing horrors
  3 orc high priests (Orc:2)
  4 hell knights
  8 shock serpents
  6 wretched stars
  11 naga sharpshooters
  2 storm dragon zombies (D:15)
  10 deep elf knights
  3 sun demons
  9 skysharks
  A skyshark (shapeshifter) (Elf:1)
  A golden dragon zombie (Depths:2)
  3 salamander mystics
  2 fire crabs (Abyss:4)
  17 sea snakes
  A sixfirhy (Depths:4)
  A goliath frog (Zot:4)
  24 skeletal warriors
  A spark wasp zombie (D:15)
  An iron troll (Depths:4)
  2 flayed ghosts (Depths:2)
  A kraken simulacrum (Shoals:2)
  An orange crystal statue (WizLab)
  13 glowing orange brains
  45 deep trolls
  7 arcanists
  8 naga ritualists
  9 deep elf archers
  A glowing orange brain (shapeshifter) (Depths:2)
  A tengu zombie (Depths:2)
  14 ironbound convokers
  26 harpies
  A phantasmal warrior (Vaults:4)
  A shadow dragon zombie (Depths:2)
  7 spriggan simulacra
  10 mana vipers
  22 deep elf pyromancers
  6 necromancers
  27 deep elf zephyrmancers
  9 starcursed masses
  Pikel (D:7)
  2 oklob plants
  9 orc knights
  A worldbinder (Abyss:4)
  4 cyclopes
  26 ugly things
  2 orc sorcerers
  15 manticores
  10 fauns
  A will-o-the-wisp (Abyss:4)
  22 moths of wrath
  A manticore (shapeshifter) (Elf:1)
  A shadow dragon skeleton (Depths:2)
  16 salamanders
  2 apocalypse crabs (Abyss:4)
  10 water nymphs
  6 guardian serpents
  7 merfolk sirens
  5 human skeletons
  2 smoke demons
  3 kobold blastminers (Orc:2)
  2 frost giant skeletons (Depths:2)
  17 elephants
  52 black mambas
  An ice statue (Snake:1)
  12 vault sentinels
  A stone giant skeleton (Vaults:3)
  7 cane toads
  3 fire giant skeletons (Vaults:2)
  A gargoyle (D:12)
  An unseen horror (shapeshifter) (Lair:5)
  7 naga magi
  A cane toad (shapeshifter) (D:14)
  4 eyes of devastation (WizLab)
  An unseen horror (D:12)
  2 hellions
  6 large abominations
  A yaktaur zombie (Vaults:2)
  31 yaktaurs
  A kobold demonologist (D:13)
  5 freezing wraiths
  5 efreet
  5 komodo dragons
  5 rime drakes
  2 yaktaur skeletons (Vaults:2)
  A tengu conjurer (Depths:3)
  12 ice devils
  An anaconda simulacrum (IceCv)
  An ancient zyme (Abyss:4)
  34 merfolk
  2 red devils
  6 wind drakes
  2 polar bears (Lair:5)
  A polar bear (shapeshifter) (D:14)
  8 trolls
  An ettin zombie (Vaults:3)
  2 alligator simulacra (IceCv)
  A glass eye (Depths:2)
  A snapping turtle (shapeshifter) (Vaults:4)
  A shadow dragon simulacrum (Vaults:2)
  7 snapping turtles
  20 blink frogs
  7 raiju
  3 hornets (Abyss:4)
  A dream sheep (Lair:5)
  52 saltlings (Desolation)
  25 slime creatures
  A jumping spider (Vaults:2)
  An ettin skeleton (Vaults:2)
  A shadow (D:11)
  6 fire elementals
  48 yaks
  5 wraiths
  5 wyverns
  19 water elementals
  5 ynoxinuls
  10 basilisks
  5 fire bats
  2 air elementals
  An elf zombie (Vaults:2)
  3 golden eyes (WizLab)
  3 wargs
  6 minotaur simulacra (IceCv)
  An alligator snapping turtle simulacrum (Shoals:2)
  2 steam dragons
  2 neqoxecs (WizLab)
  2 chaos spawn
  5 sea snake simulacra (Shoals:2)
  8 redbacks
  13 vampire mosquitoes
  3 death yak simulacra (Shoals:2)
  A human zombie (Vaults:2)
  2 harpy simulacra (Shoals:2)
  2 acid dragons
  35 nagas
  3 hydra simulacra (IceCv)
  14 water moccasins
  An ettin simulacrum (IceCv)
  9 hell hounds
  2 ice beasts (D:6)
  A sky beast (D:8)
  2 black bears (D:6)
  27 orc warriors
  6 laughing skulls (Abyss:4)
  A hornet zombie (D:8)
  A satyr simulacrum (Shoals:2)
  12 wolves
  7 ogres
  20 centaurs
  A kobold brigand (D:8)
  3 phantoms (D:5)
  2 weeping skulls (Abyss:4)
  6 bullfrogs
  12 small abominations
  2 earth elementals (Elf:2)
  3 scorpions
  7 deep troll simulacra (IceCv)
  2 merfolk simulacra (Shoals:2)
  2 faun simulacra (Shoals:2)
  A water moccasin zombie (Ossuary)
  6 wights
  2 manticore simulacra (Shoals:2)
  3 lindwurm simulacra (IceCv)
  35 killer bees
  A snapping turtle simulacrum (Shoals:2)
  8 howler monkeys
  6 electric eels (D:13)
  A quasit (Abyss:4)
  2 centaur zombies
  4 crimson imps (Gauntlet)
  2 bullfrog zombies (Ossuary)
  2 gnoll boudas
  6 jellies
  17 orc priests
  4 hounds
  A cyclops simulacrum (Shoals:2)
  A sleepcap (D:4)
  Jessica (D:3)
  4 iguanas
  Natasha (thrice) (D:3)
  18 orc wizards
  4 hell rats (Lair:5)
  3 ogre zombies (Ossuary)
  2 centaur simulacra (Shoals:2)
  14 gnolls
  4 adders
  A shadow imp (D:6)
  3 white imps
  2 adder zombies (Ossuary)
  A worm (D:3)
  A dart slug (D:2)
  80 orcs
  11 endoplasms
  3 giant cockroaches
  13 goblins
  7 hobgoblins
  7 jackals
  12 kobolds
  5 quokkas
  4 ball pythons
  9 bats
  3 frilled lizards
  A gnoll zombie (Ossuary)
  5 goblin zombies (Ossuary)
  5 hobgoblin zombies (Ossuary)
  3 orc zombies (Ossuary)
  5 rats
  7 aspiring fleshes
  16 starspawn tentacles
  12 tentacles
2244 creatures vanquished.

Vanquished Creatures (collateral kills)
  A pandemonium lord (Zot:3)
  An obsidian statue (IceCv)
  A rust devil (Zot:3)
  An orange demon (Zot:3)
4 creatures vanquished.

Vanquished Creatures (others)
  A Hell Sentinel (Zot:3)
  The ghost of petzl the Blocker, an adept FoDe of Vehumet (Depths:4)
  A bog body (IceCv)
  A guardian serpent (Desolation)
  3 ball lightnings (Depths:4)
  6 foxfires (Abyss:4)
  4 starspawn tentacles (WizLab)
  12 tentacles
29 creatures vanquished.

Grand Total: 2277 creatures vanquished

Notes
Turn   | Place    | Note
-------+----------+-------------------------------------------
     0 | D:1      | freelancePsychic the Demonspawn Alchemist began the quest
                  | for the Orb.
     0 | D:1      | Reached XP level 1. HP: 13/13 MP: 3/3
   410 | D:1      | Gained mutation: A meltable shield of frost defends you.
                  | (SH +4) [demonic ancestry]
   410 | D:1      | Reached XP level 2. HP: 20/20 MP: 0/5
   698 | D:1      | Learned a level 2 spell: Mercury Vapours
  1477 | D:2      | Reached skill level 1 in Fighting
  1588 | D:2      | Reached skill level 1 in Air Magic
  1588 | D:2      | Reached XP level 3. HP: 22/26 MP: 2/6
  2515 | D:3      | Noticed Natasha
  2522 | D:3      | Killed Natasha
  2523 | D:3      | Reached XP level 4. HP: 33/33 MP: 3/7
  2699 | D:3      | Noticed Natasha
  2705 | D:3      | Killed Natasha
  2820 | D:3      | Reached XP level 5. HP: 37/38 MP: 2/8
  2945 | D:3      | Noticed Natasha
  2955 | D:3      | Killed Natasha
  3154 | D:3      | Noticed Jessica
  3167 | D:3      | Killed Jessica
  3168 | D:3      | Reached skill level 5 in Alchemy
  3342 | D:3      | Found a bloodstained altar of Trog.
  3344 | D:3      | Found a sparkling altar of Nemelex Xobeh.
  3567 | D:3      | Gained mutation: A meltable icy envelope protects you from
                  | harm. (AC +8) [demonic ancestry]
  3567 | D:3      | Reached XP level 6. HP: 31/46 MP: 1/10
  3883 | D:4      | Learned a level 4 spell: Olgreb's Toxic Radiance
  3956 | D:4      | Found Duckul's Antique Weapon Shoppe.
  4018 | D:4      | Found a runed translucent gate.
  4019 | D:4      | Found a runed translucent gate.
  4020 | D:4      | Found a runed translucent gate.
  4021 | D:4      | Found an opulent altar of Gozag.
  4022 | D:4      | Noticed Sonofthefire's ghost (amateur OpSh)
  4023 | D:4      | You fall into a shaft and drop 3 floors!
  4044 | D:7      | Found Hehaog's Assorted Antiques.
  4054 | D:7      | Bought a blue potion for 24 gold pieces
  4054 | D:7      | Bought a scroll of identify for 54 gold pieces
  4066 | D:6      | Noticed an ice beast
  4180 | D:7      | Found a staircase to the Ecumenical Temple.
  4189 | Temple   | Entered the Ecumenical Temple
  4199 | Temple   | Became a worshipper of Vehumet
  4285 | D:5      | Entered Level 5 of the Dungeon
  4314 | D:6      | Found a sand-covered staircase.
  4333 | Ossuary  | Entered an ossuary
  4518 | Ossuary  | Reached skill level 1 in Short Blades
  4756 | Ossuary  | Gained mutation: You are partially covered in razor-sharp
                  | scales. (AC +1, Slay +1) [demonic ancestry]
  4756 | Ossuary  | Reached XP level 7. HP: 52/52 MP: 11/11
  4810 | Ossuary  | Reached * piety under Vehumet
  4810 | Ossuary  | Offered knowledge of Sandblast by Vehumet.
  5002 | Ossuary  | Noticed a silent spectre
  5338 | D:5      | Gained mutation: You are mostly covered in razor-sharp
                  | scales. (AC +2, Slay +2) [demonic ancestry]
  5338 | D:5      | Reached XP level 8. HP: 61/61 MP: 6/12
  6350 | D:4      | Reached skill level 5 in Fighting
  6455 | D:4      | Found Inuewk's Armour Shop.
  6462 | D:4      | Offered knowledge of Searing Ray by Vehumet.
  6594 | D:4      | Reached ** piety under Vehumet
  6843 | D:4      | Noticed a two-headed ogre
  7038 | D:6      | Reached skill level 1 in Fire Magic
  7050 | D:6      | Learned a level 4 spell: Sticky Flame
  7229 | D:6      | Reached XP level 9. HP: 69/69 MP: 8/13
  7458 | D:6      | Found the +2 hood of the Assassin {Detect Stab+ Stlth++}
  7605 | D:6      | Offered knowledge of Frozen Ramparts by Vehumet.
  7795 | D:7      | Found Boduit's Antique Armour Shoppe.
  8128 | D:7      | Reached *** piety under Vehumet
  8247 | D:7      | Noticed Pikel
  8255 | D:7      | Killed Pikel
  8657 | D:8      | Noticed a skeletal warrior
  8657 | D:8      | Noticed a skeletal warrior
  8657 | D:8      | Noticed a skeletal warrior
  8657 | D:8      | Noticed a skeletal warrior
  8657 | D:8      | Noticed a skeletal warrior
  9028 | D:9      | Noticed Erica
  9033 | D:9      | Killed Erica
  9279 | D:9      | Reached XP level 10. HP: 73/79 MP: 5/14
  9283 | D:9      | Reached skill level 10 in Alchemy
  9370 | D:9      | Found a staircase to the Lair.
  9448 | D:9      | Reached skill level 5 in Fire Magic
  9450 | D:9      | Offered knowledge of Stone Arrow by Vehumet.
  9798 | D:10     | Entered Level 10 of the Dungeon
 10871 | D:11     | Reached **** piety under Vehumet
 11049 | D:11     | Noticed a manticore
 11058 | D:11     | Killed a manticore
 11086 | D:11     | Found a staircase to the Orcish Mines.
 11087 | D:11     | Noticed a boulder beetle
 11090 | D:11     | Offered knowledge of Lee's Rapid Deconstruction by Vehumet.
 11100 | D:11     | Killed a boulder beetle
 11101 | D:11     | Reached skill level 5 in Stealth
 11101 | D:11     | Gained mutation: You have a small tail. [demonic ancestry]
 11101 | D:11     | Reached XP level 11. HP: 64/89 MP: 15/15
 11660 | D:11     | Reached ***** piety under Vehumet
 12076 | D:12     | Reached skill level 1 in Evocations
 12117 | D:12     | Offered knowledge of Irradiate by Vehumet.
 12124 | D:12     | Learned a level 5 spell: Irradiate
 12256 | D:12     | Noticed a deep elf pyromancer
 12265 | D:12     | Killed a deep elf pyromancer
 12405 | D:12     | Reached skill level 10 in Fighting
 12584 | D:13     | Found a blossoming altar of Fedhas.
 12586 | D:13     | Noticed a two-headed ogre
 12595 | D:13     | Killed a two-headed ogre
 12627 | D:13     | Noticed a centaur warrior
 12652 | D:13     | Noticed a two-headed ogre
 12666 | D:13     | Killed a two-headed ogre
 12670 | D:13     | Killed a centaur warrior
 12727 | D:13     | Noticed an ogre mage
 12729 | D:13     | Paralysed by an ogre mage for 5 turns
 12732 | D:13     | Noticed a two-headed ogre
 12756 | D:13     | Killed an ogre mage
 12757 | D:13     | Gained mutation: A meltable icy envelope protects you from
                  | harm. (AC +8) [demonic ancestry]
 12757 | D:13     | Reached XP level 12. HP: 95/97 MP: 6/16
 12759 | D:13     | Killed a two-headed ogre
 13317 | D:13     | Noticed a death knight
 13633 | D:13     | Noticed a centaur warrior
 13642 | D:13     | Killed a centaur warrior
 13840 | Orc:1    | Entered Level 1 of the Orcish Mines
 13888 | Orc:1    | Reached skill level 5 in Evocations
 13918 | Orc:1    | Found a burning altar of Makhleb.
 13985 | Orc:1    | Reached skill level 5 in Conjurations
 14416 | Orc:2    | Entered Level 2 of the Orcish Mines
 14739 | Orc:2    | Found a staircase to the Elven Halls.
 14867 | Orc:2    | Offered knowledge of Ozocubu's Refrigeration by Vehumet.
 15146 | Orc:2    | Noticed an orc high priest
 15146 | Orc:2    | Noticed an ogre mage
 15146 | Orc:2    | Noticed an ogre mage
 15147 | Orc:2    | Noticed an orc high priest
 15147 | Orc:2    | Noticed an orc high priest
 15150 | Orc:2    | Killed an ogre mage
 15151 | Orc:2    | Killed an orc high priest
 15153 | Orc:2    | Killed an ogre mage
 15154 | Orc:2    | Reached skill level 5 in Spellcasting
 15160 | Orc:2    | Killed an orc high priest
 15169 | Orc:2    | Paralysed by an orc sorcerer for 2 turns
 15386 | Orc:2    | Learned a level 7 spell: Ozocubu's Refrigeration
 15397 | Orc:2    | Reached skill level 1 in Ice Magic
 15397 | Orc:2    | Gained mutation: You are partially covered in sharp spines.
                  | [demonic ancestry]
 15397 | Orc:2    | Reached XP level 13. HP: 101/106 MP: 20/22
 15445 | Orc:2    | Found an iron altar of Okawaru.
 15690 | Orc:2    | Found Axtyxkif's Antique Weapon Boutique.
 15690 | Orc:2    | Found Biuplim's Book Emporium.
 15693 | Orc:2    | Found Kevvafro's Distillery.
 15693 | Orc:2    | Found Rovib's Book Boutique.
 15737 | Orc:2    | Bought a potion of heal wounds for 60 gold pieces
 15737 | Orc:2    | Bought a potion of brilliance for 48 gold pieces
 15737 | Orc:2    | Bought a potion of degeneration for 12 gold pieces
 15740 | Orc:2    | Bought Great Wizards, Vol. II for 380 gold pieces
 15740 | Orc:2    | Bought an Everburning Encyclopedia for 380 gold pieces
 15745 | Orc:2    | Learned a level 4 spell: Ignite Poison
 16675 | D:8      | Found a runed translucent gate.
 16675 | D:8      | Found a runed translucent gate.
 16675 | D:8      | Found a runed translucent gate.
 16675 | D:8      | Noticed Curundu's ghost (novice MiBe)
 16677 | D:8      | Found a basalt altar of Yredelemnul.
 16819 | D:7      | Found Hehaog's Assorted Antiques.
 16954 | D:7      | Found a staircase to the Ecumenical Temple.
 17027 | D:7      | Found Boduit's Antique Armour Shoppe.
 17455 | Lair:1   | Entered Level 1 of the Lair of Beasts
 17695 | Lair:1   | Offered knowledge of Plasma Beam by Vehumet.
 18394 | Lair:1   | Identified the +11 broad axe "Ograaf Eno" {venom, *Noise
                  | rElec rF+}
 18811 | Lair:2   | Found a staircase to the Snake Pit.
 18931 | Lair:2   | Learned a level 6 spell: Eringya's Noxious Bog
 19169 | Lair:2   | Reached skill level 10 in Spellcasting
 19458 | Lair:2   | Found an ancient bone altar of Kikubaaqudgha.
 19902 | Lair:3   | Found the +1 robe of Vines {NoPotionHeal Regen++++}
 19912 | Lair:3   | Reached skill level 1 in Staves
 20178 | Lair:3   | Gained mutation: You have a tail ending in a sharp stinger.
                  | [demonic ancestry]
 20178 | Lair:3   | Reached XP level 14. HP: 113/113 MP: 24/28
 20708 | Lair:4   | Offered knowledge of Arcjolt by Vehumet.
 20815 | Lair:4   | Reached skill level 5 in Ice Magic
 21431 | Lair:4   | You fall into a shaft and drop 1 floor!
 21431 | Lair:5   | Entered Level 5 of the Lair of Beasts
 21431 | Lair:5   | Found a viscous altar of Jiyva.
 21431 | Lair:5   | Found a staircase to the Slime Pits.
 21516 | Lair:5   | Found a dark tunnel.
 21520 | Lair:5   | Reached ****** piety under Vehumet
 21535 | Volcano  | Entered a volcano
 21555 | Lair:5   | Found a gate leading to a gauntlet.
 21562 | Lair:5   | Found a runed translucent door.
 21564 | Gauntlet | Entered a Gauntlet
 21564 | Gauntlet | Found a transporter.
 21564 | Gauntlet | Found a transporter.
 21591 | Gauntlet | Found a transporter.
 21606 | Gauntlet | Found a transporter.
 21627 | Gauntlet | Found a transporter.
 21636 | Gauntlet | Found a transporter.
 21719 | Gauntlet | Found the ring of the Mage {Wiz Archmagi}
 21721 | Gauntlet | Found a transporter.
 21735 | Gauntlet | Found a transporter.
 21757 | Gauntlet | Found a transporter.
 21764 | Gauntlet | Found a transporter.
 21843 | Gauntlet | Found a transporter.
 21853 | Gauntlet | Found a transporter.
 21861 | Gauntlet | Found a transporter.
 21863 | Gauntlet | Found a transporter.
 21863 | Gauntlet | Found a transporter.
 21897 | Gauntlet | Found a transporter.
 21928 | Gauntlet | Offered knowledge of Freezing Cloud by Vehumet.
 21977 | Gauntlet | Identified the +2 pair of gloves "Xiesyt" {MP+9 Int+3}
 22058 | Gauntlet | Got Vehumet's Grimoire of the Missiles
 22085 | Gauntlet | Reached skill level 5 in Staves
 22584 | Lair:5   | Noticed browni3141's ghost (journeyman FoSh)
 22726 | Lair:5   | Identified the +1 robe of Watchfulness {Fly Archmagi}
 22994 | Lair:5   | Gained mutation: Your hexes are more powerful. [demonic
                  | ancestry]
 22994 | Lair:5   | Reached XP level 15. HP: 116/122 MP: 13/29
 23081 | Lair:5   | Found a corrupted altar of Lugonu.
 23081 | Lair:5   | Found a one-way gate to the infinite horrors of the Abyss.
 23081 | Lair:5   | Found the +15 Maxwell's patent armour {-Cast -Tele rElec
                  | Will+ rCorr}
 23092 | Lair:5   | Identified the -1 pair of gloves of Unambiguity {rElec rC-
                  | rCorr Dex+3}
 23241 | Lair:5   | Killed browni3141's ghost
 23517 | D:13     | Noticed Erolcha
 23519 | D:13     | Killed Erolcha
 23803 | D:13     | Found a gate to the Vaults.
 24336 | D:14     | Reached skill level 5 in Dodging
 24338 | D:14     | Offered knowledge of Orb of Destruction by Vehumet.
 24381 | D:14     | Reached skill level 10 in Ice Magic
 25198 | D:15     | Entered Level 15 of the Dungeon
 25626 | D:15     | Noticed Jorgrun
 25639 | D:15     | Killed Jorgrun
 25728 | D:15     | Found a staircase to the Depths.
 26388 | Snake:1  | Entered Level 1 of the Snake Pit
 26630 | Snake:1  | Offered knowledge of Bombard by Vehumet.
 26710 | Snake:1  | Gained mutation: You are completely covered in razor-sharp
                  | scales. (AC +3, Slay +3) [demonic ancestry]
 26710 | Snake:1  | Reached XP level 16. HP: 133/133 MP: 24/30
 26796 | Snake:1  | Found a frozen archway.
 26862 | IceCv    | Entered an ice cave
 27488 | IceCv    | Got Sif Muna's Octavo of Cold
 27540 | IceCv    | Identified the +2 pair of boots of Serendipity {Str+2}
 27553 | IceCv    | Got the Discursus on Concoctions
 28099 | Snake:1  | Noticed Azrael
 28103 | Snake:1  | Killed Azrael
 28104 | Snake:1  | Noticed Josephine
 28113 | Snake:1  | Killed Josephine
 29052 | Snake:2  | Noticed Donald
 29055 | Snake:2  | Killed Donald
 29470 | Snake:2  | Found Vuoxet's Assorted Antiques.
 29470 | Snake:2  | Found Usuluug's General Store.
 29473 | Snake:2  | Found Kothus's Antique Armour Shop.
 29516 | Snake:2  | Bought a scroll of teleportation for 84 gold pieces
 29516 | Snake:2  | Bought a scroll of blinking for 210 gold pieces
 29520 | Snake:2  | Bought a pair of bloodstained boots for 228 gold pieces
 29520 | Snake:2  | Identified the +0 pair of boots of the Treeataur {rF++ rN+
                  | Regen+} (You bought it in a shop on level 2 of the Snake
                  | Pit)
 29625 | Snake:2  | Found a transporter.
 29625 | Snake:2  | Found Apnostrups's Antique Armour Boutique.
 29674 | Snake:2  | Found a transporter.
 29784 | Snake:2  | Offered knowledge of Shatter by Vehumet.
 29784 | Snake:2  | Offered knowledge of Chain Lightning by Vehumet.
 29784 | Snake:2  | Offered knowledge of Polar Vortex by Vehumet.
 29861 | Snake:2  | Found Giza's Antique Weapon Shop.
 29872 | Snake:2  | Found Idyazxac's Jewellery Shoppe.
 29911 | Snake:2  | Learned a level 9 spell: Polar Vortex
 29942 | Snake:2  | Reached skill level 15 in Fighting
 30302 | Snake:2  | Found Syomy's General Store.
 30312 | Snake:2  | Bought a scroll of teleportation for 60 gold pieces
 30436 | Snake:2  | Found Vuiqesus's Book Emporium.
 30939 | Snake:3  | Gained mutation: You have a sharp stinger which inflicts
                  | weakening toxins. [demonic ancestry]
 30939 | Snake:3  | Reached XP level 17. HP: 142/142 MP: 31/31
 32000 | Snake:4  | Entered Level 4 of the Snake Pit
 32535 | Snake:4  | Identified the +0 pair of boots "Saxes" {-Tele Str+8 Int+4}
 33090 | Snake:4  | Reached skill level 15 in Ice Magic
 33270 | Snake:4  | Reached skill level 10 in Dodging
 33764 | Snake:4  | Noticed a quicksilver dragon
 33771 | Snake:4  | Killed a quicksilver dragon
 33873 | Snake:4  | HP: 4/142 [nagaraja/bolt of poison (25)]
 34300 | Snake:4  | Got a serpentine rune of Zot
 34651 | Shoals:1 | Entered Level 1 of the Shoals
 34756 | Shoals:1 | Found Odwebuic's Book Shop.
 35184 | Shoals:1 | Found Yru Hitetal's Antique Armour Boutique.
 35715 | Shoals:1 | Reached XP level 18. HP: 149/149 MP: 32/32
 36151 | Shoals:2 | Found a runed translucent gate.
 36151 | Shoals:2 | Found a runed translucent gate.
 36151 | Shoals:2 | Found a runed translucent gate.
 38062 | Shoals:3 | Identified the +4 shortbow "Faotse" {heavy, Dex+2}
 38125 | Shoals:3 | Found Tej Ucekh's Antique Weapon Emporium.
 38640 | Shoals:4 | Entered Level 4 of the Shoals
 39770 | Shoals:4 | Got a barnacled rune of Zot
 40333 | Vaults:1 | Entered Level 1 of the Vaults
 40406 | Vaults:1 | Gained mutation: Your melee attacks may debilitate your
                  | foes. [demonic ancestry]
 40406 | Vaults:1 | Reached XP level 19. HP: 153/155 MP: 28/33
 41005 | Vaults:1 | Identified the +5 halberd of the Hall of Blades {freeze,
                  | rElec rF+}
 41447 | Vaults:2 | Identified a scroll of acquirement
 41498 | Vaults:2 | Found a flickering gateway to a bazaar.
 41509 | Bazaar   | Entered a bazaar
 41509 | Bazaar   | Found Mychuy's Distillery.
 41528 | Bazaar   | Found Puungak's Antique Armour Boutique.
 41539 | Bazaar   | Found Idaqipes's Jewellery Emporium.
 41550 | Bazaar   | Found Xegoixo's General Store.
 41558 | Bazaar   | Bought a scroll of teleportation for 42 gold pieces
 41558 | Bazaar   | Found Josof's Antique Weapon Shop.
 41569 | Bazaar   | Acquired the +18 shield of the Gong {Loud rN+ Will+ rCorr
                  | EV-5}
 41569 | Bazaar   | Found the +18 shield of the Gong {Loud rN+ Will+ rCorr
                  | EV-5}
 41579 | Bazaar   | Bought a potion of resistance for 140 gold pieces
 41579 | Bazaar   | Bought 2 potions of invisibility for 224 gold pieces
 41579 | Bazaar   | Bought a potion of curing for 42 gold pieces
 41579 | Bazaar   | Bought a potion of curing for 42 gold pieces
 41579 | Bazaar   | Bought a potion of heal wounds for 70 gold pieces
 41579 | Bazaar   | Bought a potion of curing for 42 gold pieces
 41579 | Bazaar   | Bought a potion of might for 56 gold pieces
 43018 | Vaults:2 | Found a staircase to the Crypt.
 43278 | Elf:1    | Entered Level 1 of the Elven Halls
 43330 | Elf:1    | Found a crumbling gateway.
 43353 | Desolati | Entered the Desolation of Salt
 43531 | Desolati | Reached XP level 20. HP: 158/162 MP: 34/34
 43571 | Desolati | Identified the ring "Burphet" {rElec rF- rC+ rN+ Slay+4}
 43726 | Abyss:4  | Cast into level 4 of the Abyss (+3 flail of distortion)
 43776 | Abyss:4  | Found a corrupted altar of Lugonu.
 43800 | Abyss:4  | Found a corrupted altar of Lugonu.
 43820 | Abyss:4  | Got an abyssal rune of Zot
 43899 | Desolati | Escaped the Abyss
 43938 | Desolati | Got Vuhavim's Teachings on the Transformed Grave
 43939 | Desolati | Identified the amulet "Kithef" {Acrobat rCorr Int+3}
 43992 | Desolati | Identified the +2 dagger of the Middle {freeze, rF++}
 43998 | Desolati | Identified the staff of Honour {rElec rN+ Earth}
 44046 | Desolati | Got the Directory of the Breezy Torch
 44545 | Elf:1    | Got Aceamn's Guidebook on Conflict and Beckoning
 45381 | Elf:2    | Found Myaz's Distillery.
 45437 | Elf:2    | Bought a potion of haste for 100 gold pieces
 45437 | Elf:2    | Bought a potion of brilliance for 40 gold pieces
 45585 | Elf:2    | Found a shimmering blue altar of Sif Muna.
 45706 | Elf:2    | Paralysed by an air elemental for 1 turns
 45712 | Elf:2    | Reached skill level 1 in Shields
 45846 | Elf:2    | Found a runed translucent gate.
 45850 | Elf:2    | Found a runed translucent gate.
 45850 | Elf:2    | Found a runed translucent gate.
 45936 | Elf:3    | Entered Level 3 of the Elven Halls
 45997 | Elf:3    | Found a portal to a secret trove of treasure.
 46049 | Abyss:4  | Cast into level 4 of the Abyss (a deep elf demonologist)
 46080 | Abyss:4  | Reached skill level 15 in Dodging
 46117 | Abyss:4  | Found a corrupted altar of Lugonu.
 46187 | Abyss:4  | Reached XP level 21. HP: 149/168 MP: 35/35
 46221 | Abyss:4  | Reached skill level 10 in Staves
 46223 | Elf:3    | Escaped the Abyss
 46266 | Elf:3    | Identified the +7 dagger "Kenem" {pain, Will+}
 46271 | Abyss:4  | Cast into level 4 of the Abyss (a deep elf sorcerer)
 46389 | Elf:3    | Escaped the Abyss
 46835 | Elf:3    | Identified the ring of Woaptuef {rF+ SInv}
 47015 | Elf:3    | Identified the +3 hand axe "Asit" {spect, rC- rCorr Dex+3}
 48029 | Vaults:3 | Reached skill level 5 in Shields
 48266 | Vaults:3 | Noticed Bai Suzhen
 48277 | Vaults:3 | Killed Bai Suzhen
 48280 | Vaults:3 | Noticed Margery
 48286 | Vaults:3 | Killed Margery
 48456 | Vaults:3 | Found the ring of Shadows {Umbra +Inv Stlth+}
 48745 | Vaults:3 | Paralysed by a formless jellyfish for 1 turns
 49553 | Vaults:4 | Gained mutation: You are mostly covered in sharp spines.
                  | [demonic ancestry]
 49553 | Vaults:4 | Reached XP level 22. HP: 175/175 MP: 36/36
 49660 | Vaults:4 | Found a magical portal.
 49737 | WizLab   | Entered Lehudib's Moon Base
 50001 | WizLab   | Identified the +12 war axe "Vuideg" {freeze, Int+3}
 50407 | WizLab   | Found a transporter.
 50666 | WizLab   | Found a transporter.
 50666 | WizLab   | Found the necklace of Bloodlust {Fury *Rage Will++ Int-3
                  | Slay+6}
 50888 | WizLab   | Got the Omnibus of Ignition and Malevolent Arts
 50927 | WizLab   | Got Lehudib's Vellum of the Wolf
 52000 | Depths:1 | Entered Level 1 of the Depths
 52031 | Depths:1 | Noticed Piuw's ghost (veteran GnWn)
 52054 | Depths:1 | Found a runed translucent gate.
 52054 | Depths:1 | Found a runed translucent gate.
 52054 | Depths:1 | Found a runed translucent gate.
 52096 | Depths:1 | Found a one-way gateway to a ziggurat.
 52263 | Depths:1 | Found a gateway to Hell.
 52365 | Depths:1 | Found a corrupted altar of Lugonu.
 52379 | Depths:1 | Got Lugonu's Commentary on Impulse
 53278 | Depths:2 | Reached XP level 23. HP: 188/188 MP: 37/37
 53285 | Depths:2 | Identified the amulet of the Foremost Invaders {Reflect
                  | rPois Will- Dex+5 SH+5 SInv}
 53333 | Depths:2 | Got the Book of Decomposition and Company
 53391 | Depths:2 | Paralysed by a sphinx for 5 turns
 53604 | Depths:1 | Found the +7 lajatang of Order {silver, rMut}
 53631 | Depths:2 | Found a one-way gate leading to the halls of Pandemonium.
 53645 | Depths:2 | Found a runed translucent door.
 53645 | Depths:2 | Noticed Sundig's ghost (veteran DsFi)
 53678 | Depths:2 | Identified the +4 dagger "Mitur" {heavy, Int-3 Dex+6}
 54181 | Depths:2 | Got the Papyrus of Attendants
 54605 | Depths:3 | Found Qubiuthr Idul's Antique Weapon Shoppe.
 54605 | Depths:3 | Found Vosmaerr's Book Emporium.
 54753 | Depths:3 | Identified the +6 spear "Poisep" {distort, rPois rCorr MP+9
                  | Str-2}
 55502 | Depths:3 | Found a runed translucent gate.
 55502 | Depths:3 | Found a runed translucent gate.
 55502 | Depths:3 | Found a runed translucent gate.
 55544 | Depths:3 | Found a runed translucent gate.
 55544 | Depths:3 | Found a runed translucent gate.
 55544 | Depths:3 | Found a runed translucent gate.
 55758 | Depths:4 | Entered Level 4 of the Depths
 55906 | Depths:4 | Found a runed translucent door.
 55911 | Depths:4 | Noticed petzl's ghost (adept FoDe)
 55990 | Depths:4 | Noticed Vv
 56001 | Depths:4 | Killed Vv
 56075 | Depths:4 | Noticed Boris
 56084 | Depths:4 | Killed Boris
 56123 | Depths:4 | Acquired the ring of Darkness {rElec rF+ rC+ Str-2 Slay+3}
 56124 | Depths:4 | Acquired 1119 gold pieces
 56125 | Depths:4 | Acquired 1155 gold pieces
 56148 | Depths:4 | Found an opulent altar of Gozag.
 56591 | Depths:4 | Reached skill level 1 in Armour
 56605 | Depths:4 | Found a gate to the Realm of Zot.
 57013 | Depths:4 | Killed petzl's ghost
 57040 | Depths:4 | Found a runed translucent door.
 57042 | Depths:4 | Noticed Aryosker's ghost (veteran GnWn)
 57086 | Zot:1    | Entered Level 1 of the Realm of Zot
 57219 | Zot:1    | Gained mutation: You are completely covered in sharp
                  | spines. [demonic ancestry]
 57219 | Zot:1    | Reached XP level 24. HP: 200/200 MP: 39/39
 57346 | Zot:1    | Found a transporter.
 57420 | Zot:1    | Reached skill level 5 in Armour
 57684 | Zot:1    | Found a transporter.
 57685 | Zot:1    | Found the +8 whip "Snakebite" {venom, curare, rPois}
 58793 | Zot:2    | Noticed an orb of fire
 58800 | Zot:2    | Killed an orb of fire
 58886 | Zot:2    | Identified the +1 hand axe "Nuidd" {flame, Stlth+}
 58887 | Zot:2    | Got Sif Muna's Anthology of The Black Sun
 59089 | Zot:2    | Identified the +1 scale mail "Tebaef" {Dex+3}
 59124 | Zot:2    | You fall into a shaft and drop 1 floor!
 59185 | Zot:3    | Noticed a Killer Klown
 59192 | Zot:3    | Killed a Killer Klown
 59194 | Zot:3    | Reached skill level 15 in Spellcasting
 59221 | Zot:3    | Gained mutation: You occasionally shout uncontrollably at
                  | your foes. [mutagenic glow]
 59241 | Zot:3    | Gained mutation: Your spells are a little easier to cast,
                  | but a little less powerful. [mutagenic glow]
 60760 | Zot:3    | Identified the ring "Ranass" {rC+++ rN+ rCorr Slay-4 SInv}
 61066 | Zot:4    | Reached XP level 25. HP: 208/208 MP: 43/43
 61617 | Zot:5    | Entered Level 5 of the Realm of Zot
 61826 | Zot:5    | Found a runed translucent gate.
 61890 | Zot:5    | Found a runed translucent gate.
 61890 | Zot:5    | Found a runed translucent gate.
 61893 | Zot:5    | Noticed MrSquiggles's ghost (legendary FoSh)
 62082 | Zot:5    | Noticed a Killer Klown
 62124 | Zot:5    | Killed a Killer Klown
 62368 | Zot:5    | Lost mutation: You occasionally shout uncontrollably at
                  | your foes. [potion of mutation]
 62368 | Zot:5    | Lost mutation: Your spells are a little easier to cast, but
                  | a little less powerful. [potion of mutation]
 62368 | Zot:5    | Gained mutation: You are robust. (+10% HP) [potion of
                  | mutation]
 62563 | Zot:5    | Noticed an orb of fire
 62566 | Zot:5    | Gained mutation: You occasionally shout uncontrollably at
                  | your foes. [an orb of fire]
 62567 | Zot:5    | Noticed a Killer Klown
 62567 | Zot:5    | Gained mutation: You occasionally lose the ability to read
                  | scrolls when taking damage. [an orb of fire]
 62572 | Zot:5    | Killed an orb of fire
 62573 | Zot:5    | Killed a Killer Klown
 62578 | Zot:5    | Noticed a Killer Klown
 62592 | Zot:5    | Killed a Killer Klown
 62725 | Zot:5    | Noticed an orb of fire
 62731 | Zot:5    | Gained mutation: You sometimes lose the ability to read
                  | scrolls when taking damage. [an orb of fire]
 62735 | Zot:5    | Lost mutation: You are robust. (+10% HP) [an orb of fire]
 62737 | Zot:5    | Killed an orb of fire
 62774 | Zot:5    | Noticed a dread lich
 62781 | Zot:5    | Killed a dread lich
 62833 | Zot:5    | Noticed a dread lich
 62835 | Zot:5    | Paralysed by a dread lich for 3 turns
 62842 | Zot:5    | Killed a dread lich
 62923 | Zot:5    | Identified the +0 pair of boots of Insecurity {rF+ Regen+
                  | Dex+3}
 62964 | Zot:5    | Noticed an orb of fire
 62966 | Zot:5    | Noticed a Killer Klown
 62967 | Zot:5    | Noticed a Killer Klown
 62971 | Zot:5    | Killed an orb of fire
 62971 | Zot:5    | Killed a Killer Klown
 62971 | Zot:5    | Noticed a Killer Klown
 62973 | Zot:5    | Killed a Killer Klown
 62974 | Zot:5    | Noticed a Killer Klown
 62983 | Zot:5    | Killed a Killer Klown
 63023 | Zot:5    | Killed a Killer Klown
 63068 | Zot:5    | Identified the +6 war axe of Valiance {drain, rF+ Dex+3}
 63318 | Zot:5    | Got the Orb of Zot
 63395 | Zot:5    | Reached XP level 26. HP: 216/222 MP: 46/46
 63428 | Zot:3    | Noticed Boris
 63434 | Zot:3    | Killed Boris
 63540 | Zot:3    | Noticed Taagat the pandemonium lord
 63551 | Zot:3    | Killed Taagat the pandemonium lord
 63571 | Zot:3    | Noticed Dusupponk the pandemonium lord
 63679 | Zot:1    | Noticed Inaxzueps the pandemonium lord
 63684 | Zot:1    | Killed Inaxzueps the pandemonium lord
 64063 | D:$      | Escaped with the Orb!

Illustrated notes

Levels and vault maps discovered:
D:1:      zelgadis_glass_arrival_small, layout_basic, minivault_5,
          kennysheep_another_room, minmay_liquid_box,
          dreamdust_princess_corridor, st_stairs_11, serial_bayou_pond_e,
          serial_bayou_ford_a, minmay_misc_feat_more_columns,
          minmay_tetromino_l4
D:2:      layout_loops_cross, corexii_item_surrounded_by_moat
D:3:      layout_rooms, jmf_multi_god_temple, kennysheep_generic_room_10,
          uniq_natasha, uniq_jessica
D:4:      layout_basic, serial_shops, nicolae_shop_peninsula,
          ebering_ghost_gozag, nicolae_take_the_stairs, minivault_5,
          kennysheep_nub
D:5:      layout_loops_ring
D:6:      dreamdust_elfheim, layout_rooms,
          nicolae_ossuary_entry_false_entrances, minmay_misc_feat_tiny,
          minmay_ogre_servants
D:7:      layout_basic, minmay_temple_entry_tees, serial_shops,
          nicolae_shop_tiny_glass, nicolae_shop_just_a_little_nook, uniq_pikel
D:8:      layout_basic, nicolae_yredelemnul_ghost_church
D:9:      layout_roguey, dpeg_oklobed_lair, uniq_erica
D:10:     layout_loops_cross
D:11:     layout_stronghold, david_orc_5
D:12:     layout_roguey, statue_in_the_mist_lemuel
D:13:     layout_small_grid, hellmonk_vaults_order_and_chaos, serial_bayou,
          serial_bayou_lake_a, serial_bayou_lagoon_a, serial_bayou_pond_d,
          serial_bayou_pond_a, hangedman_decor_clover_reticule, fedhas_altar_1,
          uniq_erolcha
D:14:     layout_cave_pools, nicolae_lava_and_water, minmay_circle_x
D:15:     gammafunk_depths_entry_grave, layout_small_grid,
          nicolae_twisty_statue_hallways, corexii_leaking_fountain,
          minivault_25, drop_trap, uniq_jorgrun
Temple:   compressed_dpeg_triangle_lava_temple
Lair:1:   wad_woods_minihive, layout_misc_corridors
Lair:2:   layout_regular_city, nicolae_snake_entry_squirm,
          nicolae_lair_lil_pond, nicolae_quartered_pool_impasse,
          lemuel_centaur_altar, grunt_megastairs_4
Lair:3:   layout_chaotic_city, nicolae_shoals_entry_flooding,
          hellmonk_guarded_unrand_vines
Lair:4:   layout_long_grid, bh_autumn_forest_stairs, roderic_batcave,
          grunt_megastairs_5
Lair:5:   hellmonk_lair_end_abyssal_woods, layout_misc_corridors,
          nicolae_slime_entry_slimehenge, nicolae_volcano_entry_two_sided,
          gauntlet_entry_generic, ebering_ghost_inner_flame, st_stairs_8
Shoals:1: layout_shoals, serial_shops, shop_fountains, shop, overgrown_tower
Shoals:2: layout_shoals, nicolae_shoals_beach_cooler
Shoals:3: layout_shoals, serial_shops, shop, nicolae_shoals_kraken_party
Shoals:4: shoals_end_hangedman, layout_shoals, nicolae_shoals_dead_sea_scrolls
Snake:1:  layout_layer_cave, portal_ice_cave_entry_ice_statue_one,
          grunt_ministairs_1, uniq_josephine, uniq_azrael
Snake:2:  layout_onion_interference, serial_shops, shop,
          nicolae_shop_tiny_real_fake_doors, nicolae_square_shop,
          nicolae_shop_stone, nicolae_shop_drivethru, minmay_shop_star,
          uniq_donald
Snake:3:  layout_cave_pods, serial_bayou_shore_b
Snake:4:  hellmonk_snake_rune_quicksilver_temple, layout_cave_town,
          serial_library_hellmonk_room_a, nicolae_snake_gridmaze_swirls,
          st_stairs_14
Orc:1:    layout_caves, serial_shops, bloody_makhleb
Orc:2:    grunt_orc_tribal_feast, layout_diamond_mine, special_room,
          okawaru_metal_pillars_3
Elf:1:    elf_arrival_002, layout_onion_city,
          portal_desolation_entry_twin_temple, minmay_elf_sorcery
Elf:2:    nicolae_elf_blades_splatter_lattice [nicolae_blade_tridents],
          layout_geoelf_diagonals, basic_altar, serial_shops, shop
Elf:3:    grunt_elf_hall_spiral, layout_loops_corners,
          nicolae_trove_entry_columns
Vaults:1: v_pattern_1, nicolae_vaults_tangram_2, nicolae_vaults_lightning_bolt,
          nicolae_vaults_bisected_inception, nicolae_vaults_heart-shaped_vault,
          v_misc_29, nicolae_vaults_hexular_roomagon, ontoclasm_vaults_fault,
          tekkud_shop_of_orbs, nicolae_vaults_network_square,
          ontoclasm_vaults_gateway, nicolae_vaults_tetromino_L_2,
          layout_vaults_ring
Vaults:2: dpeg_vaults_monster_row, nicolae_vaults_little_ls,
          nicolae_vaults_trapezoid_lopsided_2, vaults_room_semicircle,
          v_pattern_3, minmay_crypt_entry_skeletal_spiral, vaults_mumra_hexcomb,
          v_alt_pattern_6, nicolae_vaults_trapezoid_layered,
          nicolae_vaults_diamond_1, vaults_mumra_minichess,
          nicolae_vaults_wine_cellar, vaults_mumra_lcd,
          nicolae_vaults_trapezoid_2, layout_vaults_big_room, serial_shops,
          bzr_entry_lakeside
Vaults:3: nicolae_vaults_closet_pinwheel_2, hangedman_vaults_maws,
          vaults_room_door_hall, ontoclasm_vaults_eye,
          hangedman_vaults_capsules, vaults_room_semicircle,
          grunt_vaults_funnel, nicolae_vaults_tangram_1,
          layout_vaults_quadrants, uniq_bai_suzhen, uniq_margery
Vaults:4: mu_enter_wizlab_1, hangedman_vaults_corner, grunt_vaults_focal,
          nicolae_vaults_three_branches, v_pattern_5, v_misc_32,
          vaults_room_pool, hangedman_vaults_restitches,
          vaults_standard_mumra_lines, nicolae_vaults_tetromino_L_2,
          layout_vaults_maze_bifur
Depths:1: layout_gridlike, enter_ziggurat_f, tso_altar, serial_glass,
          glass_columns_a, glass_columns_a, glass_columns_a, glass_columns_b,
          glass_columns_a, glass_columns_b, glass_columns_a, glass_columns_c,
          gammafunk_ghost_icy, hell_entry, tgw_lugonu_bribe, firewood_loft
Depths:2: minmay_spiral_squares, layout_gridlike, pan_entry, minivault_11,
          abyss_entry, muffindrake_ghost_dead_mans_drink, hell_entry
Depths:3: kennysheep_treasure_stockpile, layout_long_grid, abyss_entry,
          grunt_hell_entry_dis_mu, hangedman_decor_peaks_small,
          chequers_serial_rivers_room_b, minmay_staircase_windowed_small,
          minmay_shoptagon
Depths:4: grunt_zot_entry_bicorn, layout_gridlike,
          muffindrake_ghost_three_little_ghosts, hell_entry,
          grunt_pan_entry_in_and_out, abyss_entry,
          minmay_misc_feat_four_crosses, grunt_ministairs_7,
          chequers_decorated_corner, solitary_fountain, grunt_gozag_breadcrumbs,
          serial_bayou_shore_b, uniq_vv, uniq_boris
Zot:1:    gammafunk_its_a_trap, layout_cathedral_of_symmetry, uniq_josephina
Zot:2:    dreamdust_black_sun_cult, layout_concentric_octagons
Zot:3:    bobbens_index_wilting_gardens, layout_misc_corridors,
          regret_index_zotdec_wing_it
Zot:4:    layout_basic, regret_index_zotdec_twisting_globes
Zot:5:    layout_gridlike, ebering_ghost_rock_garden

Skill      XL: |  1  2  3  4  5  6  7  8  9 10 11 12 13 14 15 16 17 18 19 20 21 22 23 24 25 |
---------------+----------------------------------------------------------------------------+-----
Fighting       | 1 2 3 4 5 7 9 10 11 12 14 15 17 18 19 21 | 21.2
Air Magic      | 1 |  1.3
Alchemy        | 4 5 6 7 8 9 10 12 | 12.0
Spellcasting   | 3 6 10 12 16 19 | 19.7
Short Blades   | 1 2 4 |  4.0
Fire Magic     | 1 4 6 7 |  7.0
Stealth        | 2 5 |  5.9
Evocations     | 3 6 7 8 |  8.0
Conjurations   | 3 5 |  5.9
Dodging        | 3 6 8 11 12 14 15 17 18 | 18.3
Ice Magic      | 1 3 8 11 13 16 18 19 21 | 21.9
Staves         | 1 5 7 9 12 | 12.0
Shields        | 2 7 |  7.5
Armour         | 4 7 |  7.7

Action                     |  1- 3 |  4- 6 |  7- 9 | 10-12 | 13-15 | 16-18 | 19-21 | 22-24 | 25-27 || total
---------------------------+-------+-------+-------+-------+-------+-------+-------+-------+-------++-------
  Melee: Unarmed           |    24 |       |       |       |       |       |       |       |       ||    24
         Short sword       |     9 |       |       |       |       |       |       |       |       ||     9
         Dagger            |    38 |   272 |   383 |   364 |    89 |       |       |       |       ||  1146
         Punch             |       |     1 |     3 |     8 |     9 |     6 |    10 |       |       ||    37
         Tailslap          |       |       |       |    72 |    76 |    83 |   131 |   140 |    22 ||   524
         Staff             |       |       |       |       |   201 |   377 |   496 |   454 |    93 ||  1621
   Cast: Sting             |    51 |     8 |     3 |       |       |       |       |       |       ||    62
         Mercury Vapours   |    12 |    50 |    44 |     5 |       |       |       |       |       ||   111
         Olgreb's Toxic Ra |       |       |    18 |    62 |    73 |     3 |     1 |       |       ||   157
         Sticky Flame      |       |       |     2 |    55 |    62 |       |       |       |       ||   119
         Irradiate         |       |       |       |     2 |    45 |    28 |    13 |    25 |    12 ||   125
         Ignite Poison     |       |       |       |       |    60 |     5 |     2 |       |       ||    67
         Eringya's Noxious |       |       |       |       |    27 |     3 |       |       |       ||    30
         Ozocubu's Refrige |       |       |       |       |    44 |   355 |    76 |    78 |    38 ||   591
         Polar Vortex      |       |       |       |       |       |     8 |   101 |   135 |    45 ||   289
  Evoke: Wand              |       |       |       |     2 |       |     1 |     1 |       |       ||     4
         Sack of spiders   |       |       |       |       |       |     1 |       |       |       ||     1
    Use: Scroll            |     5 |     4 |     1 |     9 |     8 |     4 |     8 |     5 |     3 ||    47
         Potion            |       |     3 |       |     1 |     3 |     2 |     5 |     5 |     4 ||    23
   Stab: Sleeping          |       |     1 |     2 |    10 |    16 |     4 |     8 |     6 |       ||    47
         Invisible         |       |       |       |     1 |       |     3 |       |       |       ||     4
         Distracted        |       |       |       |       |     1 |     1 |     1 |     4 |       ||     7
 Armour: Robe              |    37 |       |       |       |   394 |   376 |   413 |     8 |       ||  1228
         Leather armour    |     1 |   174 |   235 |    87 |       |       |       |       |       ||   497
         Troll leather arm |       |       |       |   332 |   117 |       |       |   411 |   126 ||   986
  Dodge: Dodged            |    71 |   141 |   174 |   217 |   289 |   307 |   314 |   468 |   128 ||  2109
  Block: Other             |    15 |    42 |    57 |    76 |    64 |    53 |    58 |       |       ||   365
         Buckler           |       |       |       |       |       |       |    31 |   325 |    68 ||   424

Table legend: (Time is in decaauts)
 A = Elapsed time spent in this place.
 B = Non-inter-level travel time spent in this place.
 C = Inter-level travel time spent in this place.
 D = Time resting spent in this place.
 E = Time spent auto-exploring this place.
 F = Levels seen in this place.
 G = Mean time per level.
                   A        B        C        D        E       F      G
               +--------+--------+--------+--------+--------+-----+--------+
         Total |  64147 |  60063 |   4084 |   1629 |  46604 |  57 | 1125.4 |
       Dungeon |  18220 |  16540 |   1680 |    842 |  12675 |  15 | 1214.7 |
        Temple |     20 |     11 |      9 |      0 |      0 |   1 |   20.0 |
          Lair |   5641 |   5262 |    379 |     40 |   4194 |   5 | 1128.2 |
        Shoals |   5838 |   5591 |    247 |    190 |   4754 |   4 | 1459.5 |
     Snake Pit |   7236 |   6953 |    283 |    255 |   5802 |   4 | 1809.0 |
  Orcish Mines |   2054 |   1860 |    194 |      0 |   1441 |   2 | 1027.0 |
   Elven Halls |   3327 |   3053 |    274 |      0 |   2489 |   3 | 1109.0 |
        Vaults |   5400 |   5119 |    281 |     30 |   3909 |   4 | 1350.0 |
        Depths |   5086 |   4873 |    213 |      0 |   3959 |   4 | 1271.5 |
           Zot |   6604 |   6084 |    520 |    243 |   4472 |   5 | 1320.8 |
         Abyss |    431 |    431 |      0 |      0 |    130 |   3 |  143.7 |
        Bazaar |     81 |     81 |      0 |      0 |     52 |   1 |   81.0 |
       Ossuary |    696 |    696 |      0 |      0 |    358 |   1 |  696.0 |
      Ice Cave |    932 |    932 |      0 |     29 |    544 |   1 |  932.0 |
       Volcano |     10 |     10 |      0 |      0 |      0 |   1 |   10.0 |
        Wizlab |   1240 |   1240 |      0 |      0 |    932 |   1 | 1240.0 |
    Desolation |    750 |    750 |      0 |      0 |    473 |   1 |  750.0 |
      Gauntlet |    573 |    573 |      0 |      0 |    418 |   1 |  573.0 |
               +--------+--------+--------+--------+--------+-----+--------+

Top non-repeatable levels by time:
 Snake:4: 2459 daAuts
    D:13: 2047 daAuts
Depths:2: 1816 daAuts
 Snake:1: 1752 daAuts
Vaults:2: 1651 daAuts
     D:7: 1649 daAuts
 Snake:2: 1645 daAuts
   Zot:5: 1636 daAuts
Shoals:1: 1602 daAuts
    D:11: 1586 daAuts
  Lair:2: 1570 daAuts
   Zot:3: 1484 daAuts
   Orc:2: 1448 daAuts
     D:2: 1448 daAuts
Shoals:4: 1442 daAuts
